 Dungeon Crawl Stone Soup version 0.14.0-9-g9c5475a (webtiles) character file.

1158 MDvedh the Grappler (level 8, -2/46 HPs)
             Began as a Gargoyle Monk on Apr 14, 2014.
             Splashed by a jelly's acid (11 damage)
             ... on Level 6 of the Dungeon.
             The game lasted 00:07:30 (4755 turns).

MDvedh the Grappler (Gargoyle Monk)                 Turns: 4755, Time: 00:07:30

HP  -2/46        AC  6     Str 17      XL: 8   Next:  1%
MP   8/8         EV 12     Int 11      God:
Gold 310         SH  0     Dex 12      Spells:  2 memorised,  3 levels left

rFire  . . .     SeeInvis .       - Unarmed
rCold  . . .     Clarity  .     a - -1 robe
rNeg   + . .     Conserve .     (no shield)
rPois  +         rCorr    .     (no helmet)
rElec  +         rRot     +     (no cloak)
SustAb . .       Spirit   .     (no gloves)
rMut   .         Warding  .     (no boots)
Saprov . . .     Stasis   .     (no amulet)
MR     .....                    (no ring)
                                (no ring)

@: slowed, very slow, not resistant to hostile enchantments, fairly stealthy
A: life protection 1, electricity resistance, unbreathing, petrification
resistance, AC +5
a: no special abilities


You were on level 6 of the Dungeon.
You were not hungry.

You visited 1 branch of the dungeon, and saw 6 of its levels.

You collected 310 gold pieces.

Inventory:

Hand weapons
 f - a +1,+0 flail of crushing
Missiles
 r - 16 sling bullets
 s - 6 stones (quivered)
 A - 21 poisoned needles
Armour
 a - a -1 robe (worn)
 q - a +2 chain mail
Comestibles
 b - 7 bread rations
 B - a cheese
 C - an apple
 E - a slice of pizza
 I - a pear
Scrolls
 d - 2 scrolls of teleportation {unknown}
 e - a scroll of enchant armour {unknown}
 h - 2 scrolls of immolation {unknown}
 j - 5 scrolls of identify {unknown}
 k - a scroll of fog {unknown}
 l - 2 scrolls of enchant weapon II {unknown}
 n - a scroll of random uselessness {unknown}
 p - a scroll of remove curse {unknown}
 t - 3 scrolls of magic mapping {unknown}
 x - a scroll of amnesia {unknown}
 D - a scroll of blinking {unknown}
 F - a scroll of noise {unknown}
 H - a scroll of recharging {unknown}
Jewellery
 i - an uncursed ring of positive energy {unknown}
 y - an uncursed ring of flight {unknown}
 z - an uncursed amulet of rage {unknown}
Potions
 c - a potion of might
 g - a potion of invisibility {unknown}
 o - 2 potions of curing {unknown}
 u - 3 potions of degeneration {unknown}
 w - 2 potions of poison {unknown}
 G - a potion of flight {unknown}
Books
 m - a book of Air

   Spells                             Type                      Level
   Shock                              Conjuration/Air              1
   *Swiftness                         Charms/Air                   2
   Repel Missiles                     Charms/Air                   2
   Flight                             Charms/Air                   3
   Static Discharge                   Conjuration/Air              3
   Lightning Bolt                     Conjuration/Air              5
 v - a book of Minor Magic

   Spells                             Type                      Level
   Magic Dart                         Conjuration                  1
   *Blink                             Translocation                2
   Call Imp                           Summoning                    2
   Repel Missiles                     Charms/Air                   2
   Slow                               Hexes                        2
   Conjure Flame                      Conjuration/Fire             3
   Mephitic Cloud                     Conjuration/Poison/Air       3


   Skills:
 - Level 3.2 Fighting
 - Level 2.4 Dodging
 - Level 2.1 Stealth
 + Level 9.4 Unarmed Combat
 + Level 3.6 Translocations


You had 3 spell levels left.
You knew the following spells:

 Your Spells              Type           Power        Failure   Level  Hunger
a - Blink                 Tloc           N/A          14%         2    ###....
b - Swiftness             Chrm/Air       #.......     56%         2    ###....


Dungeon Overview and Level Annotations

Branches:
Dungeon (6/15)
 Temple: D:4-7

Altars:
Ashenzari
Elyvilon
Kikubaaqudgha
Okawaru
Xom

Annotations:
D:6 Natasha


Innate Abilities, Weirdness & Mutations

You are resistant to torment.
You are immune to poison.
You are immune to rotting.
Your stone body is very resilient (AC +5).
You resist negative energy.
You are resistant to electric shocks.
You can survive without breathing.
You are immune to petrification.


Message History

The crimson imp barely misses you. Natasha claws you.
The shadow imp completely misses you. The jelly hits you.
You are splashed with acid!
The acid corrodes your +0 robe!
The acid burns!
* * * LOW HITPOINT WARNING * * *
The white imp hits you but does no damage.
Natasha gestures.
Suddenly you are surrounded with a pale green light.
Natasha closely misses you.
The crimson imp blinks!
Drink which item? (? for menu, Esc to quit)
Okay, then.
You closely miss Natasha.
Natasha is almost dead.
The jelly closely misses you. The shadow imp misses you.
The white imp closely misses you. The jelly barely misses you.
The shadow imp barely misses you. Natasha claws you but does no damage.
The white imp barely misses you. The jelly hits you.
* * * LOW HITPOINT WARNING * * *
You are splashed with acid!
The acid burns!
You die...

.## ....# ....).#
.....### #.....#
#....## #555.##
##Jh..# ##@..#
#....# ###..$##
#.....# ###.....#
# ###.....### ##
##......##
.#######)........#
.##...#.....#....#


You could see a jelly, Natasha, a crimson imp, a white imp and a shadow imp.

Vanquished Creatures
  2 sky beasts (D:5)
  2 centaurs (D:5)
  The ghost of Nowbl the Magician, an average DEWz (D:3)
  A scorpion (D:4)
  A giant frog skeleton (D:5)
  2 hounds
  An iguana (D:5)
  An orc wizard (D:4)
  A worker ant (D:5)
  Terence (D:2)
  3 gnolls (D:3)
  8 adders
  3 worms
  A giant eyeball (D:5)
  5 giant geckos
  2 oozes
  5 orcs
  19 bats
  3 giant cockroaches
  9 hobgoblins
  A ball python (D:3)
  7 giant newts
  8 goblins
  8 kobolds
  An orc skeleton (D:4)
  A quokka (D:2)
  A quokka zombie (D:6)
  11 rats
109 creatures vanquished.

Notes
Turn   | Place    | Note
--------------------------------------------------------------
     0 | D:1      | MDvedh, the Gargoyle Monk, began the quest for the Orb.
     0 | D:1      | Reached XP level 1. HP: 14/14 MP: 1/1
   259 | D:1      | Reached XP level 2. HP: 14/19 MP: 2/2
   288 | D:1      | Reached skill level 5 in Unarmed Combat
   665 | D:2      | Found a shimmering altar of Xom.
   730 | D:2      | Noticed Terence
   743 | D:2      | Killed Terence
   743 | D:2      | Reached XP level 3. HP: 6/23 MP: 3/3
  1445 | D:2      | Found a white marble altar of Elyvilon.
  1455 | D:2      | Reached skill level 6 in Unarmed Combat
  1455 | D:2      | Reached XP level 4. HP: 28/28 MP: 4/4
  2074 | D:3      | Reached XP level 5. HP: 6/32 MP: 5/5
  2419 | D:3      | Reached skill level 7 in Unarmed Combat
  2664 | D:3      | Noticed Nowbl's ghost (average DEWz)
  2678 | D:3      | Killed Nowbl's ghost
  2841 | D:4      | Reached XP level 6. HP: 33/37 MP: 6/6
  3079 | D:4      | Reached skill level 8 in Unarmed Combat
  3199 | D:4      | Learned a level 2 spell: Blink
  3399 | D:4      | Reached skill level 1 in Translocations
  3559 | D:5      | Entered Level 5 of the Dungeon
  3611 | D:5      | Found a shattered altar of Ashenzari.
  3617 | D:5      | Reached XP level 7. HP: 32/41 MP: 7/7
  3815 | D:5      | Reached skill level 9 in Unarmed Combat
  3819 | D:5      | Learned a level 2 spell: Swiftness
  3840 | D:5      | Found an ancient bone altar of Kikubaaqudgha.
  3881 | D:5      | HP: 2/41 [iguana (11)]
  4501 | D:5      | Found an iron altar of Okawaru.
  4562 | D:5      | Reached XP level 8. HP: 42/46 MP: 8/8
  4576 | D:5      | Paralysed by a giant eyeball for 2 turns
  4736 | D:6      | Noticed Natasha
  4755 | D:6      | Splashed by a jelly's acid

Action                   |  1- 3 |  4- 6 |  7- 9 || total
-------------------------+-------+-------+-------++-------
Melee: Unarmed           |   105 |   197 |   106 ||   408
Throw: Stone             |     5 |       |       ||     5
  Use: Potion            |     2 |     2 |     2 ||     6
 Stab: Sleeping          |     3 |     1 |     2 ||     6
